 Dungeon Crawl Stone Soup version 0.27.1-34-g3ba077fa99 (webtiles) character file.

Game seed: 7473836487853360860

65 sankara the Ruffian (level 3, 0/31 HPs)
             Began as a Minotaur Monk on Jan 20, 2022.
             Slain by Terence (8 damage)
             ... on level 2 of the Dungeon.
             The game lasted 00:04:01 (1755 turns).

sankara the Ruffian (Minotaur Monk)                 Turns: 1755, Time: 00:04:01

Health: 0/31       AC:  2    Str: 15    XL:     3   Next: 92%
Magic:  2/2        EV: 12    Int:  8    God:
Gold:   77         SH:  0    Dex: 12    Spells: 2/2 levels left

rFire    . . .     SeeInvis .     - Unarmed
rCold    + . .     Faith    .   (no shield)
rNeg     . . .     Spirit   .   a - +0 robe
rPois    .         Reflect  .   (helmet restricted)
rElec    .         Harm     .   (no cloak)
rCorr    .         Rampage  .   (no gloves)
Will     .....                  (no boots)
Stlth    ++........             (no amulet)
HPRegen  0.10/turn              d - ring of protection from cold
MPRegen  0.08/turn              (no ring)

@: no status effects
A: horns 2, retaliatory headbutt
a: no special abilities


You were on level 2 of the Dungeon.
You visited 1 branch of the dungeon, and saw 2 of its levels.

You collected 77 gold pieces.

Inventory:

Hand Weapons
 g - a +0 hunting sling
Missiles
 b - 26 stones (quivered)
 f - 11 sling bullets
Armour
 a - a +0 robe (worn)
 h - a +0 buckler
Jewellery
 d - a ring of protection from cold (left hand)
Scrolls
 c - a scroll of identify {unknown}
 e - a scroll of amnesia {unknown}
 i - a scroll of teleportation {unknown}


   Skills:
 - Level 3.6 Fighting
 - Level 3.2 Dodging
 - Level 1.5 Stealth
 + Level 5.3 Unarmed Combat


You had 2 spell levels left.
You didn't know any spells.
Your spell library was empty.

Dungeon Overview and Level Annotations

Branches:
Dungeon (2/15)

Altars:

Annotations:
D:2 Terence


Innate Abilities, Weirdness & Mutations

You have a pair of horns on your head.
You reflexively headbutt those who attack you in melee.


Message History

You are too injured to fight recklessly!
You are too injured to fight recklessly!
You are too injured to fight recklessly!
You are too injured to fight recklessly!
You are too injured to fight recklessly!
You are too injured to fight recklessly!
You are too injured to fight recklessly!
You are too injured to fight recklessly!
You hit Terence.
Terence is moderately wounded.
Terence hits you with a +0 flail.
* * * LOW HITPOINT WARNING * * *
Terence says, "Did you write a will?
You should..."
You aren't carrying any potions.
You see here a bat skeleton.
Terence shouts, "DIE!!!"
You see here a +0 dagger.
You see here a ball python skeleton.
There is a stone staircase leading up here.
Terence looks scornfully at you.
You hit Terence but do no damage.
Terence is lightly wounded.
Terence completely misses you.
You hit Terence but do no damage. You headbutt Terence, but do no damage.
Terence is lightly wounded.
Terence says, "Don't bother to defend, it's pointless."
Terence hits you with a +0 flail!
* * * LOW HITPOINT WARNING * * *
You are too injured to fight recklessly!
You are too injured to fight recklessly!
You are too injured to fight recklessly!
Terence hits you with a +0 flail.
* * * LOW HITPOINT WARNING * * *
You see here a bat skeleton.
You see here a +0 dagger.
You see here 24 bolts.
Terence hits you but does no damage.
You see here a ball python skeleton.
Terence hits you with a +0 flail!
You die...

###########
#.......@.#
#.#######@# #.#
#.# #.# #.# #
##.## #รท# #
######...######.#
#
#......#......#.#
#
#.####...####.#.#
###.# ##.## #.#.#


You could see Terence.

Vanquished Creatures
  Natasha (D:2)
  2 dart slugs (D:1)
  3 bats
  2 endoplasms (D:1)
  2 goblins (D:1)
  4 hobgoblins (D:1)
  2 jackals (D:1)
  4 kobolds
  2 quokkas (D:1)
  6 ball pythons
  3 frilled lizards (D:1)
  4 rats (D:1)
35 creatures vanquished.

Notes
Turn   | Place    | Note
-------+----------+-------------------------------------------
     0 | D:1      | sankara the Minotaur Monk began the quest for the Orb.
     0 | D:1      | Reached XP level 1. HP: 19/19 MP: 0/0
    48 | D:1      | Reached XP level 2. HP: 13/26 MP: 1/1
    73 | D:1      | Reached skill level 4 in Unarmed Combat
   596 | D:1      | Reached XP level 3. HP: 31/31 MP: 2/2
  1481 | D:2      | Noticed Natasha
  1493 | D:2      | Killed Natasha
  1494 | D:2      | Reached skill level 5 in Unarmed Combat
  1646 | D:2      | Noticed Terence
  1755 | D:2      | Slain by Terence

Illustrated notes

Levels and vault maps discovered:
D:1:      psy_arrival_dodecagon, layout_basic, dk_noncrumbling_2, hex_medium,
          minmay_misc_feat_tiny
D:2:      layout_loops_ring, basic_altar, moated_statue, uniq_natasha,
          uniq_terence, uniq_jessica

Skill      XL: |  1  2  3 |
---------------+----------+-----
Unarmed Combat | 4 5 |  5.3
Fighting       | |  3.6
Dodging        | |  3.2
Stealth        | |  1.5

Action                   || total
-------------------------++-------
Melee: Unarmed           ||    72
       Headbutt          ||    11
       Punch             ||     1
 Stab: Sleeping          ||     2
       Distracted        ||     1
Armor: Robe              ||     9
Dodge: Dodged            ||    41
